 Dungeon Crawl Stone Soup version 0.18.1-48-g4cf74bf (webtiles) character file.

135 meme the Magician (level 4, -9/24 HPs)
             Began as a Deep Elf Fire Elementalist on July 10, 2016.
             Killed from afar by Typee's ghost (17 damage)
             ... with a spray of energy
             ... on level 4 of the Dungeon.
             The game lasted 00:17:29 (1896 turns).

meme the Magician (Deep Elf Fire Elementalist)      Turns: 1896, Time: 00:17:30

Health: -9/24      AC:  3    Str:  5    XL:     4   Next: 96%
Magic:  12/12      EV:  9    Int: 20    God:
Gold:   107        SH:  0    Dex: 18    Spells: 3 memorised, 4 levels left

rFire  . . .     SeeInvis .     i - +0 whip
rCold  . . .     Gourm    .     a - +0 robe
rNeg   . . .     Faith    .     (no shield)
rPois  .         Spirit   .     (no helmet)
rElec  .         Dismiss  .     (no cloak)
rCorr  .         Reflect  .     p - +0 pair of gloves
SustAt .         Harm     .     (no boots)
MR     +....                    (no amulet)
Stlth  +++.......               (no ring)
                                (no ring)

@: somewhat resistant to hostile enchantments, fairly stealthy
A: agile 1, magic resistance 1
a: no special abilities


You were on level 4 of the Dungeon.
You were not hungry.

You visited 1 branch of the dungeon, and saw 4 of its levels.

You collected 107 gold pieces.

Inventory:

Hand Weapons
 i - a +0 whip (weapon)
Armour
 a - a +0 robe (worn)
 p - a +0 pair of gloves (worn)
Wands
 m - a wand of enslavement (7/24)
Scrolls
 d - 3 scrolls of identify
 g - a scroll of magic mapping {unknown}
 n - 2 scrolls of fear {unknown}
Potions
 e - a potion of curing {unknown}
 j - a potion of heal wounds {unknown}
 k - a potion of cure mutation {unknown}
 l - a potion of brilliance {unknown}
 o - a potion of lignification
Books
 b - a book of Flames

   Spells                             Type                      Level
   a - Flame Tongue                   Conjuration/Fire             1
   b - Throw Flame                    Conjuration/Fire             2
   c - Conjure Flame                  Conjuration/Fire             3
   d - Inner Flame                    Hexes/Fire                   3
   e - Sticky Flame                   Conjuration/Fire             4
   f - Fireball                       Conjuration/Fire             5
Comestibles
 c - a bread ration
 f - 2 meat rations
 h - 2 chunks of flesh
 q - a beef jerky


   Skills:
 + Level 0.2 Fighting
 + Level 3.1 Dodging
 + Level 3.0 Stealth
 + Level 4.6 Spellcasting
 + Level 2.5 Conjurations
 + Level 4.1 Fire Magic


You had 4 spell levels left.
You knew the following spells:

 Your Spells              Type           Power        Failure   Level  Hunger
a - Flame Tongue          Conj/Fire      ###..        2%          1    None
b - Conjure Flame         Conj/Fire      ###.....     10%         3    ##.....
c - Sticky Flame          Conj/Fire      ###.....     30%         4    ####...


Dungeon Overview and Level Annotations

Branches:
Dungeon (4/15)
 Temple: D:4-7

Altars:

Annotations:
D:2 Sigmund
D:4 Typee's ghost, amateur OpCj


Innate Abilities, Weirdness & Mutations

You are agile. (Dex +2)
You are resistant to hostile enchantments.


Message History

You see here a scroll labeled FIT UPUCAMUKH.
Typee's ghost casts a spell at you. The spray of energy misses you.
Press: ? - help, v - describe, . - travel
Here: Typee's ghost, wielding a vorpal weapon The floor.
Unknown command.
Typee's ghost casts a spell at you. The magic dart hits you!
There is a stone staircase leading up here.
Eat one of 3 chunks of flesh? (ye/n/q/i?) This raw flesh tastes terrible.
You continue eating. x2
Typee's ghost casts a spell at you. The magic dart hits you!
There is a stone staircase leading up here.
Typee's ghost stares at you and mumbles some strange words.
The spray of energy hits you!
Ouch! That really hurt!
You die...

≈≈ )..........
≈≈≈.##..........
≈≈..#.........#
..............##
................
.............##
#............
#..@....#
##.W...##
##.##.# #.?# #
#.## #.. ....
..... .......


You could see Typee's ghost.

Vanquished Creatures
  5 adders
  An ooze (D:2)
  3 worms
  A dart slug (D:3)
  3 giant geckos
  7 orcs (D:3)
  2 ball pythons
  4 giant cockroaches
  10 goblins
  4 hobgoblins
  3 kobolds
  3 quokkas
  7 bats
  3 giant newts
  10 rats
66 creatures vanquished.

Notes
Turn   | Place    | Note
--------------------------------------------------------------
     0 | D:1      | meme the Deep Elf Fire Elementalist began the quest for the Orb.
     0 | D:1      | Reached XP level 1. HP: 10/10 MP: 6/6
   209 | D:1      | Reached XP level 2. HP: 9/15 MP: 4/8
   518 | D:2      | Reached XP level 3. HP: 12/19 MP: 5/10
   530 | D:2      | Learned a level 3 spell: Conjure Flame
   558 | D:2      | Noticed Sigmund
   567 | D:2      | Gained mutation: You are resistant to hostile enchantments. [potion of beneficial mutation]
   569 | D:2      | Gained mutation: You are agile. (Dex +2) [potion of beneficial mutation]
  1051 | D:2      | Reached XP level 4. HP: 24/24 MP: 9/12
  1196 | D:3      | Learned a level 4 spell: Sticky Flame
  1887 | D:4      | Noticed Typee's ghost (amateur OpCj)
  1896 | D:4      | Killed from afar by Typee's ghost

Skill      XL: |  1  2  3  4 |
---------------+-------------+-----
Spellcasting   | 4 |  4.6
Conjurations   | 2 |  2.5
Fire Magic     | 4 |  4.1
Dodging        | 3 |  3.1
Stealth        | 3 |  3.0
Fighting       | |  0.2

Action                   |  1- 3 |  4- 6 || total
-------------------------+-------+-------++-------
Melee: Unarmed           |     6 |       ||     6
       Whip              |     9 |    20 ||    29
 Cast: Flame Tongue      |    67 |    51 ||   118
       Conjure Flame     |     1 |     1 ||     2
       Sticky Flame      |       |     2 ||     2
  Use: Potion            |     3 |       ||     3
       Scroll            |     1 |     1 ||     2
 Stab: Sleeping          |       |     1 ||     1
  Eat: Chunk             |       |     4 ||     4
Armor: Robe              |     7 |     5 ||    12
Dodge: Dodged            |    34 |    23 ||    57
